 Dungeon Crawl Stone Soup version 0.31-a0-233-g139696dc86 (webtiles) character file.

Game seed: 8780404394400396039

17872 Ofeo the Fighter (level 12, -1/117 HPs)
             Began as an Armataur Reaver on July 1, 2023.
             Was an Initiate of Gozag.
             Slain by a polar bear (5 damage)
             ... in an ice cave on July 9, 2023.
             The game lasted 00:49:02 (17808 turns).

Ofeo the Fighter (Armataur Reaver)                 Turns: 17808, Time: 00:49:03

Health: -1/117     AC: 11    Str: 23    XL:     12   Next: 22%
Magic:  17/17      EV: 12    Int: 13    God:    Gozag
Gold:   1628       SH:  0    Dex:  9    Spells: 16/17 levels left

rFire   + . .        K - +0 glaive (freeze)
rCold   + . .        (shield currently unavailable)
rNeg    . . .        h - +0 leather armour {rC+ rF+}
rPois   .            y - +0 helmet
rElec   .            C - +0 cloak
rCorr   .            (no gloves)
SInv    .            (no barding)
Will    .....        e - amulet of regeneration
Stlth   +            A - +4 ring of protection
HPRegen 1.19/turn    r - ring of flight
MPRegen 0.15/turn

%: roll
@: flying
A: large, rugged brown scales 3, deformed body, armoured tail, roll, long
tongue, awkward tongue
a: Renounce Religion, Potion Petition, Call Merchant, Bribe Branch


You were in an ice cave.
You worshipped Gozag.
Gozag was most pleased with you.
You visited 2 branches of the dungeon, and saw 12 of its levels.
You also visited: Sewer, Bailey and Ice Cave.

You collected 2227 gold pieces.
You paid 599 gold pieces to Gozag.

Inventory:

Hand Weapons
 n - the +10 dagger "Fegiba" {freeze, Str+3 Int+3}
   (You found it on level 3 of the Dungeon)

   Str:       It affects your strength (+3).
   Int:       It affects your intelligence (+3).
 u - a +0 broad axe
 x - a +0 battleaxe
 E - a +2 heavy hand axe
 K - a +0 glaive of freezing (weapon)
Missiles
 v - 9 poisoned darts (quivered)
 D - 22 boomerangs
 I - a curare-tipped dart
 J - 2 throwing nets
Armour
 b - a +0 leather armour
 h - a +0 leather armour of resistance (worn)
 y - a +0 helmet (worn)
 B - the +2 ring mail of Anaesthesia {Int+3 Stlth+}
   (You found it on level 6 of the Dungeon)

   Int:       It affects your intelligence (+3).
   Stlth:     It makes you more stealthy.
 C - a +0 cloak (worn)
 L - a +1 hat
 M - the +2 chain mail of Space {rPois rCorr}
   (You found it in an ice cave)

   rPois:     It protects you from poison.
   rCorr:     It protects you from acid and corrosion.
Jewellery
 e - an amulet of regeneration (around neck)
 r - a ring of flight (right hand)
 w - a ring of fire
 A - a +4 ring of protection (left hand)
 G - a ring of magical power
Wands
 k - a wand of iceblast (6) {@v4}
Scrolls
 f - 5 scrolls of immolation
 i - 2 scrolls of identify {@r1}
 l - 4 scrolls of fear
 o - 3 scrolls of teleportation {@r3}
 t - 2 scrolls of amnesia
 z - a scroll of silence
 F - a scroll of fog
 H - a scroll of blinking {@r4}
Potions
 a - a potion of cancellation
 c - 2 potions of haste {@q3}
 d - a potion of ambrosia
 g - a potion of enlightenment
 j - 3 potions of brilliance
 p - 5 potions of resistance {@q6}
 s - 4 potions of magic


   Skills:
 + Level 11.2 Fighting
 - Level 2.8(4.4) Axes
 * Level 5.2(5.5) Polearms
 - Level 6.0 Throwing
 + Level 4.3 Armour
 + Level 9.4 Dodging
 - Level 3.4 Spellcasting
 - Level 4.2 Conjurations


You had 16 spell levels left.
You knew the following spells:

 Your Spells              Type           Power      Damage    Failure   Level
a - Kiss of Death         Conj/Necr      28%        2d7       11%         1

Your spell library contained the following spells:

 Spells                   Type           Power      Damage    Failure   Level
 Magic Dart               Conj           52%        1d5       4%          1
 Searing Ray              Conj           26%        2d5       7%          2
 Momentum Strike          Conj/Tloc      14%        3d8       16%         2
 Hailstorm                Conj/Ice       7%         3d4       32%         3
 Poisonous Vapours        Pois/Air       4%         N/A       36%         2
 Mephitic Cloud           Conj/Pois/Air  5%         N/A       38%         3
 Ozocubu's Armour         Ice            2%         N/A       58%         3
 Fulminant Prism          Conj/Hex       3%         3d5       71%         4
 Freezing Cloud           Conj/Ice/Air   2%         6-21      98%         5
 Metabolic Englaciation   Hex/Ice        1%         N/A       100%        5
 Simulacrum               Ice/Necr       Unusable   N/A       N/A         6

Dungeon Overview and Level Annotations

Branches:
Dungeon (11/15)            Temple (1/1) D:7           Sewer (visited)
 Bailey (visited)           IceCv (1/1)
   Lair: D:8-11         Orc: D:9-12

Altars:
Ashenzari
Cheibriados
Dithmenos
Elyvilon
Fedhas
Gozag
Hepliaklqana
Kikubaaqudgha
Makhleb
Nemelex Xobeh
Okawaru
Qazlal
Ru
Sif Muna
Trog
Uskayaw
Vehumet
Wu Jian
Xom
Yredelemnul
Zin
The Shining One

Shops:
D:2 [   D:7 [*[:[

Annotations:
D:7 2 transporters, exclusion: animated armour
D:10 Sonja


Innate Abilities, Weirdness & Mutations

You are completely covered in rugged brown scales. (AC +3, +7% HP)
Armour fits poorly on your strangely shaped body.
You have a long armoured tail.
You roll when moving toward enemies. (Rampage)
Your long tongue fully drains potion bottles. (2x potion effects)
Your tongue gives you trouble enunciating. (1.5x scroll delay)


Message History

You take 18 damage, and have 24/117 hp.
You slice the polar bear!!
You kill the polar bear!
You now have 1628 gold pieces (gained 15).
You closely miss the polar bear. The polar bear closely misses you. x2
The polar bear claws you but does no damage.
The polar bear closely misses you.
The polar bear claws you but does no damage.
The polar bear completely misses you.
You regained 2 hp, and now have 27/117 hp.
You slash the polar bear! You freeze the polar bear.
You tail-slap the polar bear.
The polar bear is moderately wounded.
The polar bear closely misses you.
The polar bear claws you but does no damage.
The polar bear closely misses you.
You regained 2 hp, and now have 29/117 hp.
You slash the polar bear!
Your tail-slap misses the polar bear.
The polar bear is severely wounded.
The polar bear bites you!
* * * LOW HITPOINT WARNING * * *
The polar bear barely misses you.
The polar bear claws you but does no damage.
The polar bear bites you.
* * * LOW HITPOINT WARNING * * *
The polar bear barely misses you.
The polar bear claws you but does no damage.
You take 16 damage, and have 13/117 hp.
You hit the polar bear.
The polar bear is severely wounded.
The polar bear bites you!
* * * LOW HITPOINT WARNING * * *
The polar bear misses you.
The polar bear claws you but does no damage.
You take 9 damage, and have 4/117 hp.
Okay, then.
The polar bear attacks as you move away!
The polar bear bites you.
You die...
Your body crumbles into a pile of gold.

#####.....#..#####..####....#....
##.#....####...## ###..######
########.###..# ##...#######
#....#....####.........##
###.#####..####..#...⌠Y..##
#..#......####...##.(.)Y##.
###..##.#### #.##..#####....
##...###.######......#####Y##
#..### #.≈≈≈@h.##..#...#####.
##..#####≈≈≈###...####..####.
##...###≈≈##....#######.....
##.#.###≈#....##### ###..#
##....####..###### #...##
#...###.###...#### ###..#
##...###.####...####.h.##
##...#.####...####..###
###...##...#######..#


You could see a polar bear.

Vanquished Creatures
  2 vault guards (Bailey)
  A centaur warrior (D:8)
  A two-headed ogre (D:10)
  3 death yaks (IceCv)
  An ice statue (IceCv)
  2 rime drakes (D:11)
  2 komodo dragons
  8 polar bears (IceCv)
  A troll (D:11)
  Prince Ribbit (Bailey)
  Grinder (D:4)
  A hornet (D:8)
  2 wyverns
  A wraith (D:6)
  20 yaks
  4 humans (Bailey)
  Grum (D:9)
  3 steam dragons
  2 acid dragons (D:9)
  2 water moccasins
  3 ice beasts
  2 orc warriors
  A sky beast (D:6)
  An ogre (D:7)
  2 centaurs
  16 wolves
  3 kobold brigands
  14 bullfrogs
  3 scorpions
  16 killer bees
  4 howler monkeys (D:7)
  3 jellies
  A gnoll bouda (D:10)
  4 hounds
  An orc priest (D:9)
  4 iguanas
  8 orc wizards
  2 sleepcaps
  Natasha (D:2)
  5 gnolls (D:10)
  9 adders
  2 white imps
  6 dart slugs
  35 orcs
  3 ball pythons
  7 bats
  6 endoplasms
  10 giant cockroaches
  10 goblins
  7 hobgoblins
  6 jackals
  7 quokkas
  4 frilled lizards
  21 kobolds
  10 rats
296 creatures vanquished.

Vanquished Creatures (collateral kills)
  A yak (IceCv)
1 creature vanquished.

Vanquished Creatures (others)
  An orc wizard (D:6)
1 creature vanquished.

Grand Total: 298 creatures vanquished

Notes
Turn   | Place    | Note
-------+----------+-------------------------------------------
     0 | D:1      | Ofeo the Armataur Reaver began the quest for the Orb.
     0 | D:1      | Reached XP level 1. HP: 18/18 MP: 3/3
    83 | D:1      | Found a faded altar of an unknown god.
   122 | D:1      | Upgraded the game from 0.31-a0-214-gb37851dbb3 to
                  | 0.31-a0-233-g139696dc86
   398 | D:1      | Reached XP level 2. HP: 21/25 MP: 4/4
   436 | D:1      | Reached skill level 2 in Fighting
  1115 | D:2      | Reached XP level 3. HP: 28/31 MP: 6/6
  1293 | D:2      | Found Xanoewn's Armour Shoppe.
  1759 | D:2      | Noticed Natasha
  1768 | D:2      | HP: 1/31 [Natasha/magic dart (4)]
  1780 | D:2      | Killed Natasha
  1781 | D:2      | Reached XP level 4. HP: 22/39 MP: 7/7
  2061 | D:3      | Identified the +10 dagger "Fegiba" {freeze, Str+3 Int+3}
  2251 | D:3      | Found an ancient bone altar of Kikubaaqudgha.
  2297 | D:3      | Found a glowing drain.
  2317 | Sewer    | Entered a sewer
  2406 | Sewer    | Noticed a kobold brigand
  2414 | Sewer    | Killed a kobold brigand
  2415 | Sewer    | Reached skill level 3 in Fighting
  2415 | Sewer    | Reached XP level 5. HP: 28/48 MP: 7/9
  2571 | Sewer    | Reached XP level 6. HP: 10/54 MP: 10/10
  4170 | D:4      | Reached XP level 7. HP: 62/62 MP: 10/12
  4547 | D:4      | Found a glowing golden altar of the Shining One.
  4815 | D:4      | Noticed Grinder
  4823 | D:4      | Killed Grinder
  4824 | D:4      | Reached skill level 4 in Fighting
  4824 | D:4      | Reached skill level 1 in Throwing
  5450 | D:5      | Entered Level 5 of the Dungeon
  5749 | D:5      | Found a glowing silver altar of Zin.
  5780 | D:5      | Found a snail-covered altar of Cheibriados.
  6433 | D:6      | Reached XP level 8. HP: 53/71 MP: 13/13
  6508 | D:6      | Found a stormy altar of Qazlal.
  6536 | D:6      | Reached skill level 5 in Fighting
  7833 | D:6      | Reached skill level 6 in Fighting
  8045 | D:6      | Identified the +2 ring mail of Anaesthesia {Int+3 Stlth+}
  8103 | D:7      | Found a transporter.
  8143 | D:7      | Found a flagged portal.
  8173 | Bailey   | Entered a bailey
  8181 | Bailey   | Reached skill level 5 in Dodging
  8181 | Bailey   | Reached XP level 9. HP: 79/80 MP: 14/14
  8370 | Bailey   | Reached skill level 5 in Throwing
  8567 | Bailey   | Noticed a vault guard
  8592 | Bailey   | Killed a vault guard
  8593 | Bailey   | Reached skill level 7 in Fighting
  8869 | Bailey   | Noticed Prince Ribbit
  8869 | Bailey   | Noticed a vault guard
  8902 | Bailey   | Killed Prince Ribbit
  8933 | Bailey   | Killed a vault guard
  8934 | Bailey   | Reached XP level 10. HP: 48/94 MP: 15/15
  9085 | Bailey   | Reached skill level 8 in Fighting
  9415 | D:7      | Found Nobeer's Assorted Antiques.
  9459 | D:7      | Found a staircase to the Ecumenical Temple.
  9512 | D:7      | Found Yreig's Book Emporium.
  9611 | Temple   | Entered the Ecumenical Temple
  9682 | Temple   | Became a worshipper of Gozag Ym Sagoz the Greedy
  9710 | D:7      | Found Nucwunuwn's Antique Armour Boutique.
 10315 | D:7      | Found a transporter.
 10361 | D:7      | Found Vemeasy's Armour Boutique.
 10648 | D:7      | Noticed an animated storm dragon scales
 10649 | D:7      | Found Loble's Armour Shop.
 10651 | D:7      | Noticed an animated crystal plate armour
 11367 | D:8      | Noticed a centaur warrior
 11379 | D:8      | Killed a centaur warrior
 11380 | D:8      | Reached skill level 9 in Fighting
 11656 | D:8      | Found a shimmering altar of Xom.
 12340 | D:9      | Identified the +0 ring mail of the Clam {rN++ MP+9 Int+2}
 12696 | D:9      | Reached XP level 11. HP: 50/105 MP: 16/16
 13296 | D:10     | Entered Level 10 of the Dungeon
 13307 | D:9      | Reached skill level 10 in Fighting
 13346 | D:10     | Noticed Grum
 13467 | D:10     | Found a white marble altar of Elyvilon.
 13526 | D:10     | Noticed a two-headed ogre
 13653 | D:10     | Killed a two-headed ogre
 13816 | D:10     | Found a hazy altar of Hepliaklqana.
 13838 | D:10     | Noticed Sonja
 14852 | D:9      | Killed Grum
 15564 | D:11     | Reached skill level 1 in Polearms
 15580 | D:11     | Noticed a death yak
 15731 | D:11     | Found a frozen archway.
 15750 | D:11     | Noticed a skeletal warrior
 15776 | D:11     | Noticed a skeletal warrior
 15777 | D:11     | Noticed a skeletal warrior
 15903 | IceCv    | Entered an ice cave
 16280 | IceCv    | Reached skill level 1 in Armour
 16866 | IceCv    | Reached skill level 11 in Fighting
 16887 | IceCv    | Reached XP level 12. HP: 80/117 MP: 17/17
 17133 | IceCv    | Noticed a death yak
 17133 | IceCv    | Noticed a death yak
 17133 | IceCv    | Noticed a death yak
 17212 | IceCv    | Identified the +2 chain mail of Space {rPois rCorr}
 17458 | IceCv    | Killed a death yak
 17469 | IceCv    | Killed a death yak
 17481 | IceCv    | Killed a death yak
 17482 | IceCv    | Reached skill level 5 in Polearms
 17723 | IceCv    | Noticed an ironbound frostheart
 17724 | IceCv    | Noticed an ironbound frostheart
 17807 | IceCv    | HP: 4/117 [polar bear (11)]
 17808 | IceCv    | Slain by a polar bear

Illustrated notes

Levels and vault maps discovered:
D:1:      minmay_arrival_stone_box, layout_basic,
          ebering_ecumenical_altar_abandoned
D:2:      layout_loops_ring, serial_shops, shop, uniq_natasha
D:3:      minmay_razor_zed, layout_rooms, nicolae_kikubaaqudgha_miasma_corner,
          portal_sewer_entry_f, st_stairs_1, feat_on_display
D:4:      layout_basic, mainiacjoe_overflow_cross_hatched, uniq_grinder
D:5:      layout_loops_ring, kennysheep_mini, zin_statuary,
          uniq_crazy_yiuf_cottage
D:6:      layout_loops_corners, lemuel_round_altar
D:7:      gammafunk_cloud_chamber, layout_layer_cave, minmay_temple_entry_tees,
          serial_shops, shop, shop, nicolae_shop_mannequins, shop, shop,
          enter_bailey_5
D:8:      layout_loops_cross, amcnicky_altar_gilded,
          hangedman_abyss_or_decor_passed
D:9:      layout_roguey
D:10:     layout_roguey, nicolae_hepliaklqana_hazy_memory,
          mainiacjoe_overflow_surrounded_room, kennysheep_generic_room_5,
          uniq_grum, uniq_sonja
D:11:     layout_small_grid, dpeg_lair_monsters, portal_ice_cave_rime,
          minmay_misc_feat_tiny, minmay_radiant
Temple:   eino_temple_lava
IceCv:    ice_cave_caverns_03

Skill      XL: |  1  2  3  4  5  6  7  8  9 10 11 12 |
---------------+-------------------------------------+-----
Fighting       | 2 3 4 6 7 9 11 | 11.2
Spellcasting   | 2 3 |  3.4
Conjurations   | 3 4 |  4.2
Dodging        | 2 3 5 6 8 9 |  9.4
Throwing       | 2 4 6 |  6.0
Polearms       | 4 5 |  5.2
Armour         | 3 4 |  4.3
Axes           | |  2.8

Action                     |  1- 3 |  4- 6 |  7- 9 | 10-12 || total
---------------------------+-------+-------+-------+-------++-------
  Melee: Hand axe          |   113 |    14 |       |       ||   127
         Tailslap          |     8 |     8 |    22 |    78 ||   116
         Punch             |     1 |     1 |     2 |     4 ||     8
         Dagger            |       |   133 |   236 |   280 ||   649
         Glaive            |       |       |       |   259 ||   259
  Throw: Dart              |       |    52 |   155 |   267 ||   474
 Invoke: Potion Petition   |       |       |       |     1 ||     1
  Evoke: Wand              |       |       |     7 |    16 ||    23
    Use: Scroll            |     4 |     9 |     5 |     8 ||    26
         Potion            |     1 |       |     8 |     7 ||    16
   Stab: Distracted        |       |       |       |     2 ||     2
         Sleeping          |       |       |       |     1 ||     1
 Armour: Leather armour    |    41 |    47 |    41 |   166 ||   295
         Ring mail         |       |       |    19 |   234 ||   253
  Dodge: Dodged            |    47 |    77 |   102 |   515 ||   741

Table legend: (Time is in decaauts)
 A = Elapsed time spent in this place.
 B = Non-inter-level travel time spent in this place.
 C = Inter-level travel time spent in this place.
 D = Time resting spent in this place.
 E = Time spent auto-exploring this place.
 F = Levels seen in this place.
 G = Mean time per level.
                   A        B        C        D        E       F      G
               +--------+--------+--------+--------+--------+-----+--------+
         Total |  17866 |  17326 |    540 |   3553 |   9489 |  15 | 1191.1 |
       Dungeon |  13944 |  13413 |    531 |   1723 |   8841 |  11 | 1267.6 |
        Temple |     80 |     72 |      8 |      0 |     43 |   1 |   80.0 |
         Sewer |    674 |    674 |      0 |    299 |    212 |   1 |  674.0 |
        Bailey |   1193 |   1193 |      0 |    618 |    122 |   1 | 1193.0 |
      Ice Cave |   1972 |   1972 |      0 |    912 |    271 |   1 | 1972.0 |
               +--------+--------+--------+--------+--------+-----+--------+

Top non-repeatable levels by time:
     D:9: 2625 daAuts
     D:6: 2061 daAuts
   IceCv: 1972 daAuts
     D:4: 1772 daAuts
     D:7: 1249 daAuts
  Bailey: 1193 daAuts
     D:3: 1078 daAuts
    D:10: 1029 daAuts
     D:1: 986 daAuts
     D:2: 964 daAuts
     D:5: 916 daAuts
     D:8: 884 daAuts
   Sewer: 674 daAuts
    D:11: 374 daAuts
  Temple: 80 daAuts
